 Dungeon Crawl Stone Soup version 0.24.0-123-gd5b16e6ec5 (webtiles) character file.

Game seed: 4428306567167546713, levelgen mode: deterministic

12007 nightchill the Cleaver (level 11, -5/104 HPs)
             Began as a Hill Orc Fire Elementalist on Nov 1, 2019.
             Was an Elder of Ru.
             Slain by a two-headed ogre
             ... wielding a +0 giant club
              (24 damage)
             ... on level 11 of the Dungeon on Feb 7, 2020.
             The game lasted 01:02:38 (18685 turns).

nightchill the Cleaver (HOFE)                      Turns: 18685, Time: 01:02:39

Health: -5/104     AC:  9    Str: 15    XL:     11   Next: 86%
Magic:  3/14       EV: 10    Int: 15    God:    Ru [****..]
Gold:   503        SH:  4    Dex: 11    Spells: 6/14 levels left

rFire    . . .     SeeInvis +   t - +3 hand axe (holy)
rCold    . . .     Gourm    .   H - +0 buckler
rNeg     + . .     Faith    +   f - +0 leather armour
rPois    .         Spirit   .   G - +2 hat
rElec    .         Reflect  .   n - scarf {cloud immunity}
rCorr    .         Harm     .   C - +2 pair of gloves
MR       .....                  F - +0 pair of boots
Stlth    +.........             w - amulet of faith
HPRegen  0.27/turn              i - ring of see invisible
MPRegen  0.14/turn              m - ring of positive energy

@: very slightly contaminated
A: hated by all, inability to train dodging, no ice magic, no necromancy magic,
no translocations magic
a: Draw Out Power, Power Leap, Renounce Religion


You were on level 11 of the Dungeon.
You worshipped Ru.
Ru was greatly pleased with you.
You were hungry.

You visited 1 branch of the dungeon, and saw 11 of its levels.
You also visited: Ossuary.

You collected 503 gold pieces.

Inventory:

Hand Weapons
 e - a +0 hand axe
 q - a +0 hunting sling
 t - a +3 hand axe of holy wrath (weapon)
 D - a +0 hand axe of chopping
 X - a +0 war axe
Missiles
 a - 2 javelins
 b - 200 stones (quivered)
 B - 54 sling bullets
Armour
 f - a +0 leather armour (worn)
 n - a scarf of cloud immunity (worn)
 C - a +2 pair of gloves (worn)
 F - a +0 pair of boots (worn)
 G - a +2 hat (worn)
 H - a +0 buckler (worn)
 N - the cursed +0 helmet of Uzumimmu {MR+ Regen+ Dex-2}
   (You found it on level 8 of the Dungeon)

   It affects your dexterity (-2).
   It affects your resistance to hostile enchantments.
   It increases your rate of regeneration.
   It has a curse placed upon it.
Magical Staves
 Q - an uncursed staff of air {unknown}
 U - an uncursed staff of power {unknown}
Jewellery
 g - an uncursed amulet of the acrobat
 i - a ring of see invisible (left hand)
 m - a ring of positive energy (right hand)
 w - an amulet of faith (around neck)
 E - an uncursed ring of flight
 I - a +3 ring of protection
 L - a +3 ring of protection
 M - a +5 ring of intelligence {unknown}
 R - an uncursed ring of protection from magic
Wands
 j - a wand of iceblast (11)
 u - a wand of paralysis (2)
 O - a wand of flame (14)
Scrolls
 d - 3 scrolls of identify
 h - 2 scrolls of amnesia
 l - 4 scrolls of immolation
 o - 6 scrolls of random uselessness
 y - 3 scrolls of remove curse
 A - 2 scrolls of enchant weapon
 S - 7 scrolls of teleportation
 T - a scroll of blinking
 V - a scroll of enchant armour
Potions
 k - 2 potions of agility
 p - 4 potions of lignification
 r - 7 potions of curing
 s - a potion of haste
 v - a potion of resistance
 x - a potion of heal wounds
 z - 3 potions of ambrosia
 J - a potion of magic
 K - 4 potions of mutation
 P - a potion of might
Comestibles
 c - 12 rations
 W - 3 chunks of flesh


   Skills:
 + Level 12.2 Fighting
 - Level 14.0 Axes
 - Level 1.5 Stealth
 - Level 4.0 Shields
 + Level 2.2 Spellcasting
 - Level 6.0 Conjurations
 - Level 8.7 Fire Magic


You had 6 spell levels left.
You knew the following spells:

 Your Spells              Type           Power        Failure   Level  Hunger
a - Flame Tongue          Conj/Fire      ###..        1%          1    #......
b - Conjure Flame         Conj/Fire      ###.....     3%          3    ###....
c - Sticky Flame          Conj/Fire      ###.....     13%         4    #####..

Your spell library contained the following spells:

 Spells                   Type           Power        Failure   Level  Hunger
 Throw Flame              Conj/Fire      ###...       1%          2    ###....
 Inner Flame              Hex/Fire       ##......     13%         3    ###....
 Fireball                 Conj/Fire      ###.......   34%         5    ######.


Dungeon Overview and Level Annotations

Branches:
Dungeon (11/15)            Temple (0/1) D:7            Lair (0/6) D:10
Ossuary (visited)
    Orc: D:9-12

Altars:
Cheibriados
Fedhas
Hepliaklqana
Makhleb
Okawaru
Qazlal
Ru
Uskayaw
Xom
Beogh

Shops:
D:7 %

Annotations:
D:2 exclusion: 2 downstairs
D:4 1 runed translucent door, Tiareth's ghost, amateur DEWz
D:6 exclusion: downstairs
D:7 exclusion: downstairs
D:8 3 runed translucent doors, exclusions: downstairs and 3 more exclusions, Rwicked's ghost, novice GrFi
D:9 !cyclops, 1 exclusion
D:10 3 runed translucent doors, exclusion: oklob plant, Tenz's ghost, journeyman SpEn


Innate Abilities, Weirdness & Mutations

You are hated by all.
You cannot train Dodging skill.
You cannot study or cast Ice magic.
You cannot study or cast Necromancy magic.
You cannot study or cast Translocations magic.


Message History

You hit the two-headed ogre.
The two-headed ogre is severely wounded.
The two-headed ogre hits you with a +0 giant club!!
The two-headed ogre closely misses you.
You slash the two-headed ogre!
The two-headed ogre is almost dead.
You hit the two-headed ogre.
The two-headed ogre is almost dead.
The two-headed ogre hits you with a +0 giant club!
* * * LOW HITPOINT WARNING * * *
The two-headed ogre completely misses you.
You catch the helpless two-headed ogre completely off-guard!
You hit the two-headed ogre but do no damage.
The two-headed ogre is almost dead.
You completely miss the two-headed ogre.
The two-headed ogre is almost dead.
The two-headed ogre hits you with a +0 giant club.
* * * LOW HITPOINT WARNING * * *
The two-headed ogre hits you with a +0 giant club!!
You die...

## ##.######## ##......##.##
... #.......#...# ...
........#.#...# ..
........#@....# ##
#.........O....#### .#
#.......#......#./## .###
#.......#..........##
...####......^#...........###
.)..#.#.......#.............#
##)........##..#....[........
##........###.##..........^..
#
.#.........#.......(?(........
#.


You could see a two-headed ogre (blind).

Vanquished Creatures
  3 two-headed ogres
  An unseen horror (D:11)
  An ugly thing (D:7)
  Maurice (D:11)
  A komodo dragon (D:11)
  A troll (D:10)
  Grinder (D:4)
  2 hippogriffs
  12 yaks
  2 wyverns
  Grum (D:8)
  Sigmund (D:4)
  A hungry ghost (D:11)
  A soldier ant (D:8)
  A water moccasin (D:3)
  7 sky beasts
  A black bear (D:10)
  A hornet zombie (D:11)
  3 orc warriors (D:11)
  4 phantoms
  A necrophage (D:7)
  An eye of draining (D:11)
  5 ogres
  5 centaurs
  2 wolves (D:7)
  2 big kobolds
  5 bullfrogs
  A wyvern skeleton (D:11)
  5 scorpions
  3 killer bees (D:11)
  A howler monkey (D:5)
  4 crimson imps
  A centaur zombie (Ossuary)
  2 quasits
  3 jellies
  2 orc wizards
  3 orc priests
  3 centaur skeletons
  8 hounds
  Jessica (D:2)
  2 iguanas
  8 worker ants
  A hound skeleton (D:4)
  4 mummies
  A howler monkey zombie (D:10)
  A worker ant zombie (D:10)
  9 gnolls
  A howler monkey skeleton (D:10)
  10 adders
  3 shadow imps
  An ooze (D:1)
  An adder skeleton (D:4)
  2 worms
  4 dart slugs
  3 leopard geckos
  20 orcs
  12 giant cockroaches
  3 goblins
  7 hobgoblins
  14 jackals
  9 quokkas
  3 ball pythons
  10 bats
  5 frilled lizards
  3 goblin zombies
  2 hobgoblin zombies (Ossuary)
  14 kobolds
  3 kobold zombies (Ossuary)
  An orc zombie (D:6)
  A quokka skeleton (D:5)
  7 rats
  A fungus (D:7)
270 creatures vanquished.

Vanquished Creatures (others)
  A yak (D:10)
  An adder (D:10)
  A hobgoblin (D:3)
  A leopard gecko zombie (D:5)
4 creatures vanquished.

Grand Total: 274 creatures vanquished

Notes
Turn   | Place    | Note
-------+----------+-------------------------------------------
     0 | D:1      | nightchill the Hill Orc Fire Elementalist began the quest
                  | for the Orb.
     0 | D:1      | Reached XP level 1. HP: 14/14 MP: 3/3
   158 | D:1      | Reached skill level 1 in Fighting
   158 | D:1      | Reached XP level 2. HP: 23/23 MP: 0/4
   302 | D:1      | Reached XP level 3. HP: 16/29 MP: 0/5
   673 | D:1      | Learned a level 3 spell: Conjure Flame
  1504 | D:2      | Reached skill level 1 in Axes
  1504 | D:2      | Reached XP level 4. HP: 18/37 MP: 1/6
  2146 | D:2      | Reached skill level 2 in Axes
  2284 | D:2      | Reached XP level 5. HP: 45/45 MP: 3/7
  2395 | D:2      | Noticed Jessica
  2407 | D:2      | Killed Jessica
  2601 | D:2      | Found a hazy altar of Hepliaklqana.
  3096 | D:2      | Reached skill level 3 in Axes
  3096 | D:2      | Reached skill level 5 in Fire Magic
  3324 | D:2      | Reached XP level 6. HP: 21/52 MP: 1/8
  4081 | D:3      | Noticed a water moccasin
  4109 | D:3      | Killed a water moccasin
  4119 | D:3      | Reached XP level 7. HP: 12/60 MP: 2/9
  4422 | D:3      | Reached skill level 4 in Axes
  4573 | D:3      | Found a blossoming altar of Fedhas.
  4727 | D:3      | Learned a level 4 spell: Sticky Flame
  4866 | D:4      | Reached skill level 5 in Fighting
  5194 | D:4      | Upgraded the game from 0.24.0-5-g267a8d59f4 to
                  | 0.24.0-7-gb3623d2c88
  5194 | D:4      | Upgraded the game from 0.24.0-7-gb3623d2c88 to
                  | 0.24.0-123-gd5b16e6ec5
  5389 | D:4      | Paralysed by an orc for 5 turns
  5457 | D:4      | Noticed Sigmund
  5471 | D:4      | Killed Sigmund
  5471 | D:4      | Reached skill level 5 in Axes
  5540 | D:4      | Reached XP level 8. HP: 44/69 MP: 7/10
  5765 | D:4      | Noticed Grinder
  5770 | D:4      | Killed Grinder
  6750 | D:4      | Reached skill level 6 in Axes
  6914 | D:4      | Found a runed translucent door.
  6918 | D:4      | Noticed Tiareth's ghost (amateur DEWz)
  7209 | D:5      | Entered Level 5 of the Dungeon
  7322 | D:5      | Found a stormy altar of Qazlal.
  7811 | D:5      | Found a hide-covered altar of Uskayaw.
  7918 | D:5      | Reached XP level 9. HP: 50/78 MP: 6/11
  8299 | D:5      | Reached skill level 7 in Axes
  8299 | D:5      | Reached skill level 5 in Conjurations
  9090 | D:6      | Found a sand-covered staircase.
  9203 | Ossuary  | Entered an ossuary
  9553 | D:6      | Found a sacrificial altar of Ru.
  9597 | D:6      | Found a shimmering altar of Xom.
  9810 | D:6      | Became a worshipper of Ru the Awakened
 10103 | D:6      | Reached skill level 8 in Axes
 10822 | D:7      | Found a sacrificial altar of Ru.
 11024 | D:7      | Found a staircase to the Ecumenical Temple.
 11106 | D:7      | Gained mutation: You cannot study or cast Ice magic. [Ru
                  | sacrifice]
 11106 | D:7      | Gained mutation: You cannot study or cast Necromancy magic.
                  | [Ru sacrifice]
 11106 | D:7      | Gained mutation: You cannot study or cast Translocations
                  | magic. [Ru sacrifice]
 11106 | D:7      | Reached * piety under Ru
 11520 | D:7      | Noticed a brown ugly thing
 11539 | D:7      | Killed a brown ugly thing
 11539 | D:7      | Reached skill level 9 in Axes
 11539 | D:7      | Reached XP level 10. HP: 27/90 MP: 1/12
 12009 | D:7      | Found Qyntusm's Food Shop.
 12488 | D:7      | Reached skill level 1 in Shields
 12751 | D:8      | Noticed a yaktaur captain
 12753 | D:8      | Noticed Rwicked's ghost (novice GrFi)
 12755 | D:8      | Found a runed translucent gate.
 12756 | D:8      | Found a runed translucent gate.
 12756 | D:8      | Found a runed translucent gate.
 12946 | D:8      | Got a spiked helmet
 12947 | D:8      | Identified the cursed +0 helmet of Uzumimmu {MR+ Regen+
                  | Dex-2} (You found it on level 8 of the Dungeon)
 13106 | D:8      | Reached skill level 10 in Axes
 13545 | D:8      | Noticed Grum
 13908 | D:8      | Killed Grum
 13975 | D:8      | Noticed a two-headed ogre
 13998 | D:8      | Killed a two-headed ogre
 13998 | D:8      | Reached skill level 11 in Axes
 14793 | D:9      | Found an iron altar of Okawaru.
 14840 | D:9      | Gained mutation: You cannot train Dodging skill. [Ru
                  | sacrifice]
 14840 | D:9      | Reached ** piety under Ru
 14887 | D:9      | Noticed a two-headed ogre
 14903 | D:9      | Killed a two-headed ogre
 14903 | D:9      | Reached skill level 10 in Fighting
 14903 | D:9      | Reached XP level 11. HP: 46/100 MP: 4/13
 15254 | D:9      | Found a snail-covered altar of Cheibriados.
 15418 | D:9      | Noticed a cyclops
 15600 | D:10     | Entered Level 10 of the Dungeon
 15613 | D:10     | Reached skill level 12 in Axes
 15675 | D:10     | Found a runed translucent gate.
 15675 | D:10     | Noticed Tenz's ghost (journeyman SpEn)
 15676 | D:10     | Found a runed translucent gate.
 15677 | D:10     | Identified the +8 morningstar of Plague {vamp, rElec Int+3
                  | Stlth+}
 15677 | D:10     | Identified the +7 plate armour "Olanis Lakk" {*Corrode rF+
                  | MR++}
 15677 | D:10     | Found a runed translucent gate.
 15684 | D:10     | Found a roughly hewn altar of Beogh.
 15787 | D:10     | Noticed an oklob plant
 15792 | D:10     | Found a staircase to the Lair.
 15843 | D:10     | Found a burning altar of Makhleb.
 15843 | D:10     | Noticed a balrug
 16586 | D:10     | Reached skill level 13 in Axes
 17303 | D:11     | Noticed Maurice
 17317 | D:11     | Killed Maurice
 17387 | D:11     | Noticed an unseen horror
 17533 | D:11     | Killed an unseen horror
 17736 | D:11     | Reached skill level 14 in Axes
 17866 | D:11     | Noticed a two-headed ogre
 17906 | D:11     | Killed a two-headed ogre
 18316 | D:10     | Gained mutation: You are hated by all. [Ru sacrifice]
 18316 | D:10     | Reached *** piety under Ru
 18316 | D:10     | Reached **** piety under Ru
 18658 | D:11     | Noticed a two-headed ogre
 18685 | D:11     | Slain by a two-headed ogre

Levels and vault maps discovered:
D:1:      scummos_arrival_hexagon, layout_loops_ring
D:2:      layout_basic, lemuel_doored_altar, uniq_jessica
D:3:      layout_basic, fedhas_altar_2
D:4:      layout_loops_corners, ebering_ghost_reflecting_pool,
          minmay_fractal_squares_5, uniq_grinder, uniq_sigmund
D:5:      layout_basic, kennysheep_mini, first_ration, serial_rivers,
          chequers_serial_rivers_micro_e, chequers_serial_rivers_small_a,
          chequers_serial_rivers_large_b, chequers_serial_rivers_small_3,
          st_stairs_6, grunt_qazlal_clouds
D:6:      layout_basic, xom_teletrap_fun, nicolae_ossuary_entry_giza,
          basic_altar, grunt_tough_drop
D:7:      layout_basic, nicolae_ru_the_path_less_chosen,
          minmay_temple_entry_tees, serial_shops, shop
D:8:      layout_cave_pools, gammafunk_ghost_split, hangedman_pestilent_swarm,
          uniq_grum
D:9:      layout_loops_corners, minmay_overflow_temple_star_quad,
          okawaru_trees_2, orc_0_dummy, serial_rivers,
          chequers_serial_rivers_micro_d, chequers_serial_rivers_room_b,
          chequers_serial_rivers_micro_e, chequers_serial_rivers_marsh,
          chequers_serial_rivers_marsh, dk_noncrumbling_3, cheibriados_altar_1
D:10:     layout_basic, dpeg_oklobed_lair, biasface_ghost_orc_armoury,
          nicolae_two_hexagons, makhleb_altar_promises_db
D:11:     layout_cave_pools, basic_altar, uniq_maurice

Skill      XL: |  1  2  3  4  5  6  7  8  9 10 11 |
---------------+----------------------------------+-----
Fighting       | 1 2 3 4 5 6 8 10 12 | 12.2
Fire Magic     | 4 5 6 7 8 |  8.7
Axes           | 1 2 3 5 6 9 11 14 | 14.0
Conjurations   | 2 3 4 6 |  6.0
Shields        | 4 |  4.0
Dodging        | 0 |  0.0
Spellcasting   | 2 |  2.2
Stealth        | |  1.5

Action                   |  1- 3 |  4- 6 |  7- 9 | 10-12 || total
-------------------------+-------+-------+-------+-------++-------
Melee: Unarmed           |    23 |       |       |       ||    23
       Hand axe          |    29 |    83 |   407 |   433 ||   952
Throw: Stone             |       |     1 |       |     5 ||     6
 Cast: Flame Tongue      |    46 |    73 |    16 |       ||   135
       Sticky Flame      |       |       |    17 |    44 ||    61
       Conjure Flame     |       |       |     7 |    11 ||    18
Invok: Sacrifice Arcana  |       |       |     1 |       ||     1
       Sacrifice Nimblen |       |       |       |     1 ||     1
       Sacrifice Love    |       |       |       |     1 ||     1
Evoke: Wand              |       |       |     4 |       ||     4
  Use: Potion            |       |     1 |     1 |     1 ||     3
       Scroll            |       |       |    22 |     1 ||    23
 Stab: Sleeping          |     1 |     1 |     4 |     2 ||     8
       Paralysed         |       |       |    10 |       ||    10
       Distracted        |       |       |     1 |     1 ||     2
       Invisible         |       |       |       |     3 ||     3
  Eat: Chunk             |     3 |    10 |    17 |    29 ||    59
       Ration            |       |       |     4 |     2 ||     6
Armor: Robe              |    23 |       |       |       ||    23
       Leather armour    |     1 |    37 |   101 |   116 ||   255
       Skin              |       |       |       |    29 ||    29
Dodge: Dodged            |    61 |    89 |   217 |   188 ||   555
Block: Buckler           |       |       |       |    42 ||    42
